 Dungeon Crawl Stone Soup version 0.17.0-28-g6e173f8 (webtiles) character file.

2069 homeworkjunkie the Covert (level 9, -4/44 HPs)
             Began as a Spriggan Assassin on Nov 25, 2015.
             Slain by Statics's ghost (17 damage)
             ... in an ossuary.
             The game lasted 00:19:18 (6514 turns).

homeworkjunkie the Covert (Spriggan Assassin)       Turns: 6514, Time: 00:19:19

Health: -4/44      AC:  6    Str:  7    XL:     9   Next: 5%
Magic:  0/10       EV: 27    Int: 17    God:
Gold:   222        SH:  0    Dex: 23    Spells: 0 memorised, 8 levels left

rFire  . . .     SeeInvis +     a - +0 dagger (flame)
rCold  . . .     Clarity  .     n - +0 robe
rNeg   . . .     SustAt   .     (shield restricted)
rPois  .         Gourm    .     y - +1 hat
rElec  .         Spirit   +     d - +2 cloak
rCorr  .         Warding  .     (gloves unavailable)
rMut   .         Stasis   .     (boots unavailable)
MR     +....                    o - amulet of guardian spirit
Stlth  ++++++....               l - +5 ring of intelligence
                                p - +2 ring of dexterity

@: flying, very quick, somewhat resistant to hostile enchantments, very stealthy
A: unfitting armour, see invisible, herbivore 3, speed 3, slow metabolism 2
a: no special abilities


You were in an ossuary.
You were not hungry.

You visited 1 branch of the dungeon, and saw 7 of its levels.
You also visited: Ossuary.

You collected 222 gold pieces.

Inventory:

Hand Weapons
 a - a +0 dagger of flaming (weapon)
 b - a +0 blowgun
 q - a +0 hunting sling
Missiles
 h - 7 curare-tipped needles
Armour
 d - a +2 cloak (worn)
 n - a +0 robe (worn)
 y - a +1 hat (worn)
Jewellery
 c - an uncursed amulet of faith
 l - a +5 ring of intelligence (right hand)
 o - an amulet of guardian spirit (around neck)
 p - a +2 ring of dexterity (left hand)
 s - an uncursed ring of ice
 u - an uncursed amulet of clarity
Wands
 e - a wand of heal wounds (0)
 j - a wand of polymorph (0)
Scrolls
 f - a scroll of fog
 k - a scroll of fear
 B - a scroll of remove curse
Potions
 i - a potion of ambrosia
 t - 2 potions of resistance
 v - 2 potions of haste
 w - a potion of brilliance
Comestibles
 g - 2 bread rations


   Skills:
 * Level 3.6 Fighting
 * Level 4.5 Short Blades
 * Level 6.2(7.0) Slings
 * Level 4.1(5.3) Throwing
 * Level 8.6 Dodging
 * Level 10.4 Stealth
 + Level 0.6 Evocations


You had 8 spell levels left.
You didn't know any spells.

Dungeon Overview and Level Annotations

Branches:
Dungeon (7/15)
 Temple: D:4-7

Altars:
Cheibriados
Fedhas
Xom

Annotations:
Ossuary Statics's ghost, novice FoFi


Innate Abilities, Weirdness & Mutations

You are tiny and cannot use many weapons and most armour.
You have supernaturally acute eyesight.
You are a herbivore.
You cover ground extremely quickly.
You need consume almost no food.


Message History

You hit Statics's ghost but do no damage.
Statics's ghost is severely damaged.
Statics's ghost completely misses you.
You barely miss Statics's ghost.
Statics's ghost is severely damaged.
The kobold zombie completely misses you.
The orc zombie completely misses you. Statics's ghost misses you.
You hit Statics's ghost but do no damage.
Statics's ghost is severely damaged.
You hit Statics's ghost. You burn Statics's ghost.
Statics's ghost is severely damaged.
You feel a little less agile now. Statics's ghost completely misses you.
The kobold zombie hits you.
* * * LOW HITPOINT WARNING * * *
The orc zombie completely misses you.
A kobold zombie comes into view.
You closely miss Statics's ghost.
Statics's ghost is severely damaged.
Statics's ghost hits you!!
You die...

#...# #..Z# #...#
#...# #...# #...#
##############(.Z#
...Z...Z(.((.(ZWZ#
......∩∩....(.ZZ@#
##################


You could see Statics's ghost, a rat zombie, a hobgoblin zombie, 2 kobold
zombies and 2 orc zombies.

Vanquished Creatures
  The ghost of skk the Shield-Bearer, a novice GrFi of Ru (D:5)
  Grinder (D:5)
  2 ice beasts (D:6)
  A sky beast (D:6)
  2 ogres (D:5)
  A black bear (D:6)
  2 centaurs (D:5)
  A giant frog (D:6)
  3 scorpions
  A centaur zombie (D:5)
  A giant frog zombie (D:6)
  A centaur skeleton (D:5)
  4 orc wizards
  An orc priest (D:5)
  Jessica (D:2)
  Terence (D:2)
  5 hounds
  2 worker ants (D:5)
  2 hound skeletons
  5 adders
  2 shadow imps (D:5)
  A worker ant zombie (D:5)
  An adder skeleton (D:5)
  3 worms
  6 giant geckos
  15 orcs
  7 bats
  11 goblins
  4 hobgoblins
  4 jackals (D:2)
  A quokka (D:3)
  4 ball pythons
  7 giant cockroaches
  7 giant newts
  2 hobgoblin zombies (Ossuary)
  7 kobolds
  2 kobold zombies (Ossuary)
  2 orc zombies (Ossuary)
  A quokka zombie (D:6)
  15 rats
140 creatures vanquished.

Vanquished Creatures (others)
  5 sheep (D:4)
5 creatures vanquished.

Grand Total: 145 creatures vanquished

Notes
Turn   | Place    | Note
--------------------------------------------------------------
     0 | D:1      | homeworkjunkie the Spriggan Assassin began the quest for the Orb.
     0 | D:1      | Reached XP level 1. HP: 10/10 MP: 2/2
    61 | D:1      | Reached skill level 6 in Stealth
   204 | D:1      | Reached XP level 2. HP: 14/14 MP: 3/3
   383 | D:2      | Found a blossoming altar of Fedhas.
   558 | D:1      | Reached XP level 3. HP: 16/18 MP: 4/4
   566 | D:2      | Reached skill level 7 in Stealth
   771 | D:2      | Found a faded altar to an unknown god.
   879 | D:2      | Noticed Jessica
   890 | D:2      | Killed Jessica
   890 | D:2      | Reached XP level 4. HP: 20/23 MP: 5/5
  1163 | D:2      | Noticed Terence
  1186 | D:2      | Killed Terence
  1186 | D:2      | Reached skill level 8 in Stealth
  1925 | D:3      | Reached XP level 5. HP: 23/26 MP: 6/6
  2651 | D:5      | Entered Level 5 of the Dungeon
  2666 | D:4      | Found a snail-covered altar of Cheibriados.
  2764 | D:5      | Noticed a centaur
  2768 | D:5      | Killed a centaur
  2768 | D:5      | Reached skill level 1 in Slings
  2768 | D:5      | Reached skill level 5 in Dodging
  2768 | D:5      | Reached XP level 6. HP: 30/30 MP: 7/7
  2928 | D:4      | Reached skill level 9 in Stealth
  3244 | D:4      | Found a shimmering altar of Xom.
  3385 | D:5      | Noticed Grinder
  3419 | D:5      | Paralysed by Grinder for 2 turns
  3426 | D:5      | Killed Grinder
  3426 | D:5      | Reached XP level 7. HP: 19/35 MP: 4/8
  3578 | D:5      | Noticed an ogre
  3602 | D:5      | Killed an ogre
  4315 | D:5      | Noticed skk's ghost (novice GrFi)
  4386 | D:5      | Killed skk's ghost
  4386 | D:5      | Reached skill level 5 in Slings
  4386 | D:5      | Reached skill level 10 in Stealth
  4386 | D:5      | Reached XP level 8. HP: 26/40 MP: 9/9
  5497 | D:6      | You fall through a shaft!
  6142 | D:6      | Reached XP level 9. HP: 37/44 MP: 10/10
  6353 | D:7      | Found a sand-covered staircase.
  6359 | Ossuary  | Entered an ossuary
  6375 | Ossuary  | Noticed Statics's ghost (novice FoFi)
  6514 | Ossuary  | Slain by Statics's ghost

Action                   |  1- 3 |  4- 6 |  7- 9 || total
-------------------------+-------+-------+-------++-------
Melee: Dagger            |   106 |   201 |   406 ||   713
 Fire: Blowgun           |       |    22 |    31 ||    53
       Hunting sling     |       |    38 |    86 ||   124
Throw: Tomahawk          |       |       |    19 ||    19
Evoke: Wand              |       |       |    14 ||    14
  Use: Scroll            |     4 |     8 |     7 ||    19
       Potion            |       |     1 |     7 ||     8
 Stab: Sleeping          |    15 |    21 |     7 ||    43
       Distracted        |     2 |       |     1 ||     3
  Eat: Bread ration      |       |       |     1 ||     1
